AoeStats
← MEBIUS

Arena

509843015Analyzed
1v1 RM · 6d ago on Sep 28, 2026· 38m 59s· 2 players
Game mode
Random Map
Map size
Tiny (2 player)
Population
200
Speed
Normal
Resources
Standard
Victory
Conquest
Starting age
Dark Age
Ending age
Imperial Age
RankedLock teamsTeams togetherTeam positionsShared explorationLock speedFull tech treeHidden civsTurbo modeCheats
Victory
Defeat
🇭🇰 Vikings · Hong Kong SAR China
744
+18
🇨🇳 Teutons · China
789
-18
MEBIUS
10:48 Feudal Age
12:19 Double-Bit Axe
16:27 Castle Age
16:05 Stone Mining
18:28 Stone Shaft Mining
18:19 Bow Saw
20:09 Horse Collar
22:11 Gold Mining
24:05 Wheelbarrow
24:39 Loom
24:57 Heavy Plow
29:32 Imperial Age
27:49 Hand Cart
30:37 Conscription
30:53 Hoardings
31:31 Chemistry
30:41 Fletching
32:30 Masonry
33:00 Siege Engineers
37:25 Bodkin Arrow
37:44 Fortified Wall
37:20 Arrowslits
38:54 Crenellations
Dingo
9:21 Feudal Age
8:10 Loom
13:33 Castle Age
11:29 Double-Bit Axe
14:39 Bow Saw
14:20 Horse Collar
15:16 Heavy Plow
22:24 Stone Mining
27:47 Squires
27:32 Arson
27:10 Crossbowman
27:57 Fletching
28:08 Padded Archer Armor
28:55 Bodkin Arrow
29:10 Forging
29:00 Scale Mail Armor
29:20 Pikeman
30:17 Gold Mining
30:14 Town Watch
31:38 Gold Shaft Mining
34:08 Imperial Age
32:48 Iron Casting
32:28 Chain Mail Armor
32:28 Leather Archer Armor
31:56 Treadmill Crane
32:11 Murder Holes
32:27 Masonry
35:14 Conscription
34:32 Arbalester
35:14 Bracer
36:14 Blast Furnace
35:44 Plate Mail Armor
34:54 Capped Ram
36:17 Ring Archer Armor
36:33 Hoardings
36:21 Bogsveigar
36:38 Elite Skirmisher
37:37 Siege Engineers
37:53 Ballistics
38:33 Chemistry
38:03 Architecture
Connection lost

Rejoining the realm…

Still unreachable

The connection could not be restored.

Session expired

The server has moved on; the page needs a fresh start.